 Dungeon Crawl Stone Soup version 0.25-a0-860-gf695395b5c (webtiles) character file.

Game seed: 5893491237013592270, levelgen mode: deterministic

24955 tilp the Quickloader (level 13, -3/86 HPs)
             Began as a Kobold Arcane Marksman on Apr 28, 2020.
             Was a High Priest of Okawaru.
             Slain by a shadow wraith (19 damage)
             ... on level 2 of the Abyss.
             The game lasted 00:38:30 (16424 turns).

tilp the Quickloader (Kobold Arcane Marksman)      Turns: 16424, Time: 00:38:31

Health: -3/86      AC:  6    Str: 10    XL:     13   Next: 46%
Magic:  19/19      EV: 25    Int: 16    God:    Okawaru [*****.]
Gold:   679        SH:  0    Dex: 16    Spells: 8/20 levels left

rFire    + . .     SeeInvis +   b - +10 war axe of Fesuem {drain, rPois}
rCold    . . .     Gourm    .   (shield restricted)
rNeg     . . .     Faith    .   R - +1 robe {rF+}
rPois    +         Spirit   .   (no helmet)
rElec    .         Reflect  .   e - +2 cloak
rCorr    .         Harm     .   (no gloves)
MR       +....     Rnd*Tele +   (no boots)
Stlth    +++++.....             (no amulet)
HPRegen  0.24/turn              I - ring of protection from magic
MPRegen  0.16/turn              H - ring of see invisible

@: heroism, slowed, very slow
A: small, [blurry vision 2], carnivore, [teleportitis 2]
a: Heroism, Finesse, Renounce Religion


You were on level 2 of the Abyss.
You worshipped Okawaru.
Okawaru was extremely pleased with you.
You were very full.

You visited 2 branches of the dungeon, and saw 11 of its levels.
You visited the Abyss 1 time.
You also visited: Sewer.

You collected 691 gold pieces.
You spent 12 gold pieces at shops.

Inventory:

Hand Weapons
 a - a +2 arbalest of freezing
 b - the +10 war axe of Fesuem (weapon) {drain, rPois}
   (You found it on level 5 of the Dungeon)

   A truly terrible weapon, it drains the life of those it strikes.
   It protects you from poison.
Missiles
 d - 35 bolts
 y - 8 boomerangs (quivered)
Armour
 e - a +2 cloak (worn)
 P - the +1 chain mail of the Beggar {Slay+3, unknown}
   (You found it on level 10 of the Dungeon)

   It affects your accuracy and damage with ranged weapons and melee attacks
   (+3).
 R - a +1 robe of fire resistance (worn)
Jewellery
 v - a +6 ring of evasion
 B - the ring of Mieriq {*Tele rN+ MR+ Str+4}
   (You found it on level 7 of the Dungeon)

   [ring of teleportation]

   It may teleport you next to monsters.
   It affects your strength (+4).
   It protects you from negative energy.
   It affects your resistance to hostile enchantments.
 F - a +4 ring of intelligence
 H - a ring of see invisible (right hand)
 I - a ring of protection from magic (left hand)
 O - an uncursed ring of protection from fire
Wands
 E - a wand of polymorph (5)
 G - a wand of digging (4)
 J - a wand of random effects (34)
 K - a wand of disintegration (14)
Scrolls
 h - a scroll of acquirement {unknown}
 m - 2 scrolls of teleportation
 p - a scroll of immolation
 q - a scroll of fear {unknown}
 r - 2 scrolls of magic mapping
 t - 6 scrolls of fog
 u - 2 scrolls of amnesia
 w - a scroll of noise {unknown}
 x - 6 scrolls of remove curse
 N - a scroll of random uselessness {unknown}
Potions
 f - 3 potions of mutation
 g - 2 potions of resistance
 i - 2 potions of haste
 j - 3 potions of curing
 k - a potion of heal wounds
 l - 3 potions of might
 o - 4 potions of stabbing
 A - a potion of brilliance {unknown}
 L - a potion of lignification {unknown}
Miscellaneous
 s - a tin of tremorstones
Comestibles
 c - 25 rations


   Skills:
 - Level 12.0(17.0) Fighting
 - Level 14.5(19.5) Crossbows
 - Level 8.0(13.0) Dodging
 - Level 6.0(11.0) Stealth
 - Level 4.0 Spellcasting
 - Level 8.0 Hexes
 + Level 6.5 Invocations
 - Level 2.1 Evocations


You had 8 spell levels left.
You knew the following spells:

 Your Spells              Type           Power        Failure   Level  Hunger
a - Corona                Hex            ####...      1%          1    None
b - Slow                  Hex            ####....     1%          2    ##.....
c - Portal Projectile     Hex/Tloc       ###...       10%         3    ###....
d - Cause Fear            Hex            ####......   6%          4    ####...
e - Blink                 Tloc           N/A          26%         2    ##.....

Your spell library contained the following spells:

 Spells                   Type           Power        Failure   Level  Hunger
 Confusing Touch          Hex            ####....     1%          3    ###....
 Dazzling Flash           Conj/Hex       ###...       10%         3    ###....
 Inner Flame              Hex/Fire       ###.....     10%         3    ###....
 Magic Dart               Conj           #...         17%         1    None
 Sandblast                Erth           #.....       17%         1    None
 Call Imp                 Summ           #.......     26%         2    ##.....
 Corpse Rot               Necr/Air       N/A          26%         2    ##.....
 Passwall                 Tmut/Erth      #.......     26%         2    ##.....
 Searing Ray              Conj           #.....       26%         2    ##.....
 Fulminant Prism          Conj/Hex       ###.......   32%         4    ####...
 Leda's Liquefaction      Hex/Erth       ###.......   32%         4    ####...
 Conjure Flame            Conj/Fire      #.......     45%         3    ###....
 Gell's Gravitas          Tloc           #.........   45%         3    ###....
 Ignite Poison            Fire/Tmut/Pois #.......     45%         3    ###....
 Mephitic Cloud           Conj/Pois/Air  #.......     45%         3    ###....
 Stone Arrow              Conj/Erth      #.....       45%         3    ###....
 Metabolic Englaciation   Hex/Ice        ###.......   65%         5    ######.
 Yara's Violent Unravell  Hex/Tmut       ###.......   65%         5    ######.
 Dispel Undead            Necr           #.......     86%         4    ####...
 Iskenderun's Mystic Bla  Conj/Tloc      #.......     86%         4    ####...
 Petrify                  Tmut/Erth      #.......     86%         4    ####...
 Lee's Rapid Deconstruct  Erth           #.........   99%         5    ######.
 Ignition                 Fire           #.........   100%        8    #######


Dungeon Overview and Level Annotations

Branches:
Dungeon (10/15)            Temple (1/1) D:4           Sewer (visited)
   Lair: D:8-11         Orc: D:9-12

Altars:
Ashenzari
Cheibriados
Dithmenos
Elyvilon
Fedhas
Gozag
Hepliaklqana
Kikubaaqudgha
Makhleb
Nemelex Xobeh
Okawaru
Qazlal
Ru
Sif Muna
Trog
Uskayaw
Vehumet
Wu Jian
Xom
Yredelemnul
Zin
The Shining One

Shops:
D:6 !   D:10 !


Innate Abilities, Weirdness & Mutations

You are small and have problems with some larger weapons.
You are carnivorous and can eat meat at any time.
[Scrolls take you longer to read.]
[You are sometimes teleported next to monsters.]


Message History

Press: ? - help, v - describe, . - travel
Here: a shadow wraith (heavily damaged, slightly transparent)
The floor.
You feel much better. The shadow wraith hits you.
* * * LOW HITPOINT WARNING * * *
The shadow wraith drains your vigour!
You feel as though you will be slow longer.
The shadow wraith hits you.
* * * LOW HITPOINT WARNING * * *
The shadow wraith drains your vigour!
You feel as though you will be slow longer.
You barely miss the shadow wraith.
The shadow wraith is heavily damaged.
The shadow wraith completely misses you.
You slash the shadow wraith!
The shadow wraith is severely damaged.
The shadow wraith hits you!!
* * * LOW HITPOINT WARNING * * *
The shadow wraith hits you!!
You die...

.. . .. . . .
.... .. # ## #.8
. . . . ...# .#.
# # #### # ...#.
. 8 ∩ ∩.∩#..###
. . #W@# # # .
####.#..# #
#...#..##.# .8 .
...#... ..
...########## .
. .
.§......3.... .
≈8≈.... ......
...≈............
§ .


You could see a shadow wraith (invisible) and a neqoxec.

Vanquished Creatures
  A two-headed ogre (D:10)
  A wretched star (Abyss:2)
  An unseen horror (D:7)
  10 wizards (D:10)
  Pikel (D:7)
  A smoke demon (Abyss:2)
  A hellion (Abyss:2)
  A troll (D:9)
  4 blink frogs (Abyss:2)
  A human (D:9)
  A wyvern (D:10)
  4 hogs (D:9)
  2 hungry ghosts (D:7)
  7 yaks
  A water moccasin (D:6)
  2 ice beasts
  A small abomination (Abyss:2)
  2 sky beasts
  A slave (D:7)
  4 orc warriors
  A necrophage (D:10)
  6 ogres
  2 phantoms
  2 centaurs
  A big kobold (D:9)
  Blork the orc (D:6)
  2 bullfrogs (D:7)
  A wyvern skeleton (D:7)
  2 scorpions
  6 killer bees (D:9)
  A howler monkey (D:8)
  5 crimson imps
  3 centaur zombies
  2 hounds
  7 jellies
  A centaur skeleton (D:2)
  4 orc priests
  3 bullfrog skeletons
  An iguana (D:10)
  10 orc wizards
  4 worker ants
  3 hound zombies
  2 hound skeletons
  A worker ant zombie (D:8)
  A howler monkey skeleton (D:7)
  3 gnolls (D:9)
  8 adders
  A river rat (Sewer)
  4 shadow imps
  A white imp (Abyss:2)
  9 oozes (D:3)
  An adder zombie (D:5)
  2 adder skeletons
  8 worms
  3 dart slugs (D:1)
  2 leopard geckos
  30 orcs
  7 bats
  10 giant cockroaches
  7 goblins
  5 hobgoblins
  16 jackals
  6 quokkas
  4 ball pythons
  10 frilled lizards
  22 kobolds
  A quokka skeleton (D:6)
  11 rats
290 creatures vanquished.

Vanquished Creatures (others)
  A small abomination (Abyss:2)
  A quokka zombie (D:7)
  3 fungi (D:3)
  4 starspawn tentacles (Abyss:2)
  8 toadstools (D:3)
17 creatures vanquished.

Grand Total: 307 creatures vanquished

Notes
Turn   | Place    | Note
-------+----------+-------------------------------------------
     0 | D:1      | tilp the Kobold Arcane Marksman began the quest for the
                  | Orb.
     0 | D:1      | Reached XP level 1. HP: 12/12 MP: 2/2
    97 | D:1      | Reached skill level 3 in Crossbows
   274 | D:1      | Reached XP level 2. HP: 16/16 MP: 3/3
   660 | D:1      | Reached skill level 4 in Crossbows
   660 | D:1      | Reached XP level 3. HP: 13/20 MP: 4/4
  1812 | D:2      | Reached skill level 5 in Crossbows
  1812 | D:2      | Reached XP level 4. HP: 14/25 MP: 5/5
  1948 | D:2      | Found an ornate altar of the Wu Jian Council.
  1975 | D:2      | Reached skill level 6 in Crossbows
  1975 | D:2      | Reached XP level 5. HP: 13/30 MP: 6/6
  2485 | D:2      | Noticed a moth of wrath
  2488 | D:2      | Found a bloodstained altar of Trog.
  3957 | D:3      | Found a shimmering blue altar of Sif Muna.
  4161 | D:3      | Reached XP level 6. HP: 34/37 MP: 7/7
  5612 | D:4      | Found a staircase to the Ecumenical Temple.
  5617 | D:4      | Noticed a black bear
  5628 | Temple   | Entered the Ecumenical Temple
  5718 | Temple   | Became a worshipper of Warmaster Okawaru
  5753 | D:4      | Noticed an ogre
  5761 | D:4      | Killed an ogre
  5761 | D:4      | Reached XP level 7. HP: 39/43 MP: 10/10
  5812 | D:4      | Found a glowing drain.
  5846 | Sewer    | Entered a sewer
  6402 | D:3      | Learned a level 2 spell: Slow
  6406 | D:3      | Learned a level 3 spell: Portal Projectile
  6409 | D:3      | Learned a level 2 spell: Blink
  6463 | D:4      | Identified the Handbook of Flamy Unholy Rites
  6560 | D:4      | Reached skill level 5 in Hexes
  6922 | D:5      | Entered Level 5 of the Dungeon
  6931 | D:5      | Got a faintly glowing war axe
  7647 | D:5      | Identified the +10 war axe of Fesuem {drain, rPois} (You
                  | found it on level 5 of the Dungeon)
  7812 | D:5      | Reached * piety under Okawaru
  7812 | D:5      | Reached XP level 8. HP: 26/48 MP: 11/11
  8544 | D:6      | Found Xemnos's Distillery.
  8564 | D:6      | Bought a potion of degeneration for 12 gold pieces
  8671 | D:6      | Reached skill level 5 in Invocations
  9206 | D:6      | Noticed Blork the orc
  9216 | D:6      | Killed Blork the orc
  9277 | D:6      | Found an ancient bone altar of Kikubaaqudgha.
  9277 | D:6      | Found a sparkling altar of Nemelex Xobeh.
  9282 | D:6      | Found a hazy altar of Hepliaklqana.
  9282 | D:6      | Found a white marble altar of Elyvilon.
  9350 | D:6      | Reached skill level 1 in Stealth
  9405 | D:7      | Reached XP level 9. HP: 39/52 MP: 13/13
  9969 | D:7      | Noticed Pikel
  9985 | D:7      | Killed Pikel
  9985 | D:7      | Reached ** piety under Okawaru
  9985 | D:7      | Reached skill level 5 in Fighting
  9985 | D:7      | Reached skill level 5 in Dodging
 10374 | D:7      | Reached skill level 7 in Crossbows
 10487 | D:7      | Reached *** piety under Okawaru
 10491 | D:7      | Reached skill level 8 in Crossbows
 10618 | D:7      | Noticed an unseen horror
 10626 | D:7      | Killed an unseen horror
 10626 | D:7      | Reached skill level 9 in Crossbows
 10626 | D:7      | Reached XP level 10. HP: 38/60 MP: 14/14
 10749 | D:7      | Reached skill level 10 in Crossbows
 10751 | D:7      | Got a brightly glowing tin ring
 10857 | D:7      | Found an iron altar of Okawaru.
 10862 | D:7      | Identified the ring of Mieriq {*Tele rN+ MR+ Str+4} (You
                  | found it on level 7 of the Dungeon)
 10970 | D:7      | Learned a level 4 spell: Cause Fear
 11394 | D:8      | Got a scorched chain mail
 11410 | D:8      | Reached **** piety under Okawaru
 11410 | D:8      | Reached skill level 5 in Stealth
 11551 | D:8      | Identified the cursed +0 chain mail "Quecon" {rN+ Str+3
                  | SInv} (You found it on level 8 of the Dungeon)
 12587 | D:9      | Found a snail-covered altar of Cheibriados.
 12603 | D:9      | Found a shadowy altar of Dithmenos.
 12604 | D:9      | Found a glowing silver altar of Zin.
 12844 | D:9      | Received a gift from Okawaru
 12931 | D:10     | Entered Level 10 of the Dungeon
 12963 | D:10     | Noticed a wizard
 13217 | D:10     | Reached XP level 11. HP: 69/69 MP: 15/15
 13381 | D:10     | Found Noorolohu's Distillery.
 13594 | D:10     | Reached skill level 10 in Fighting
 13594 | D:10     | Reached ***** piety under Okawaru
 13594 | D:10     | Received a gift from Okawaru
 13608 | D:10     | Noticed a wizard
 13667 | D:10     | Paralysed by a wizard for 2 turns
 13669 | D:10     | Killed a wizard
 13811 | D:10     | Noticed a wizard
 14018 | D:10     | Killed a wizard
 14018 | D:10     | Received a gift from Okawaru
 14021 | D:10     | Noticed a wizard
 14046 | D:10     | Killed a wizard
 14046 | D:10     | Received a gift from Okawaru
 14049 | D:10     | Killed a wizard
 14314 | D:10     | Noticed a wizard
 14320 | D:10     | Killed a wizard
 14459 | D:10     | Got a translucent chain mail
 14778 | D:10     | Noticed a wizard
 14790 | D:10     | Noticed a two-headed ogre
 14802 | D:10     | Paralysed by a wizard for 4 turns
 14808 | D:10     | Killed a wizard
 15052 | D:10     | Killed a two-headed ogre
 15052 | D:10     | Reached skill level 11 in Crossbows
 15052 | D:10     | Reached XP level 12. HP: 77/77 MP: 16/18
 15110 | D:10     | Noticed a wizard
 15119 | D:10     | Paralysed by a wizard for 5 turns
 15128 | D:10     | Killed a wizard
 15128 | D:10     | Received a gift from Okawaru
 15185 | D:10     | Noticed a wizard
 15193 | D:10     | Killed a wizard
 15193 | D:10     | Reached skill level 12 in Crossbows
 15227 | D:10     | Noticed a wizard
 15239 | D:10     | Killed a wizard
 15451 | D:10     | Noticed a wizard
 15455 | D:10     | Paralysed by a wizard for 5 turns
 15465 | D:10     | Killed a wizard
 15478 | D:10     | Cast into level 2 of the Abyss (a wizard)
 15608 | Abyss:2  | Noticed a tentacled starspawn
 15645 | Abyss:2  | Reached skill level 13 in Crossbows
 15662 | Abyss:2  | Noticed a lich
 15672 | Abyss:2  | Noticed a sun demon
 15869 | Abyss:2  | Noticed a vampire mage
 15917 | Abyss:2  | Reached skill level 14 in Crossbows
 15917 | Abyss:2  | Reached XP level 13. HP: 83/84 MP: 19/19
 15940 | Abyss:2  | Noticed a red very ugly thing
 16298 | Abyss:2  | Noticed a tentacled starspawn
 16424 | Abyss:2  | Slain by a shadow wraith

Levels and vault maps discovered:
D:1:      dpeg_cavernosity, layout_basic
D:2:      layout_rooms, nicolae_overflow_crystal_walls, tgw_trog
D:3:      cheibrodos_fertilizer, layout_basic, lemuel_blue_sif_altar,
          first_ration
D:4:      layout_rooms, minmay_temple_entry_statues, cheibrodos_sewer_entry_bend
D:5:      layout_loops_corners
D:6:      layout_basic, grunt_temple_overflow_open, serial_shops,
          nicolae_shop_competitors_out_of_business, uniq_blork_the_orc
D:7:      minmay_the_grid_octo_2x2 [minmay_the_grid_octo_clover_2,
          minmay_the_grid_octo_concentric, minmay_the_grid_octo_thin_diamonds,
          minmay_the_grid_octo_prize_single_spiral], layout_basic,
          okawaru_metal_pillars_1_2, uniq_pikel
D:8:      layout_loops_ring
D:9:      layout_roguey, gammafunk_temple_overflow_forgotten, grunt_livestock
D:10:     minmay_smoke_and_mirrors, layout_loops_ring, david_orc_4,
          serial_shops, shop_statue
Temple:   nicolae_temple_no_exploring_needed
Abyss:2:  base: Gauntlet, hangedman_abyss_mock_shop

Skill      XL: |  1  2  3  4  5  6  7  8  9 10 11 12 13 |
---------------+----------------------------------------+-----
Crossbows      | 3 4 5 6 9 10 11 14 | 14.5
Fighting       | 3 4 6 8 10 11 12 | 12.0
Spellcasting   | 2 4 |  4.0
Hexes          | 4 6 8 |  8.0
Invocations    | 2 6 |  6.5
Dodging        | 3 6 8 |  8.0
Stealth        | 2 4 6 |  6.0
Evocations     | 2 |  2.1

Action                   |  1- 3 |  4- 6 |  7- 9 | 10-12 | 13-15 || total
-------------------------+-------+-------+-------+-------+-------++-------
Melee: Mace              |    28 |       |       |       |       ||    28
       Whip              |    31 |   170 |   130 |       |       ||   331
       War axe           |       |       |   160 |   293 |    34 ||   487
       Punch             |       |       |       |     1 |     2 ||     3
 Fire: Hand crossbow     |    35 |    43 |    23 |    55 |       ||   156
       Arbalest          |       |       |       |    47 |     2 ||    49
Throw: Boomerang         |       |       |     1 |     1 |       ||     2
 Cast: Corona            |       |     4 |     5 |     1 |       ||    10
       Slow              |       |       |     6 |     4 |       ||    10
Invok: Heroism           |       |       |     1 |     7 |     2 ||    10
  Use: Scroll            |       |     6 |     8 |     8 |     4 ||    26
       Potion            |       |       |       |     1 |     4 ||     5
 Stab: Sleeping          |     1 |     2 |     3 |     7 |       ||    13
  Eat: Chunk             |    11 |    12 |    32 |    16 |     2 ||    73
Armor: Robe              |     5 |    14 |    26 |    25 |     3 ||    73
Dodge: Dodged            |    64 |   103 |   273 |   345 |    35 ||   820

Table legend:
 A = Non-vault XP
 B = Vault XP
 C = Vault XP percentage of total XP
 D = Non-vault monster count
 E = Vault monster count
 F = Vault count percentage of total count
                 A         B        C        D         E       F
            +---------+---------+-------+---------+---------+-------
      Total |   10076 |   11446 |  53.2 |     197 |      92 |  31.8
            +---------+---------+-------+---------+---------+-------
        D:1 |      54 |       7 |  11.5 |      28 |       4 |  12.5
        D:2 |     145 |      17 |  10.5 |      15 |       5 |  25.0
        D:3 |      55 |     199 |  78.3 |      22 |      19 |  46.3
        D:4 |     197 |       5 |   2.5 |      14 |       1 |   6.7
        D:5 |     513 |       0 |   0.0 |      16 |       0 |   0.0
        D:6 |     550 |      91 |  14.2 |      15 |       1 |   6.2
        D:7 |     690 |    2116 |  75.4 |      15 |      16 |  51.6
        D:8 |     458 |       0 |   0.0 |      11 |       0 |   0.0
        D:9 |    1665 |    1156 |  41.0 |      28 |      10 |  26.3
       D:10 |    2894 |    7802 |  72.9 |      23 |      22 |  48.9
     Temple |       2 |       0 |   0.0 |       1 |       0 |   0.0
    Abyss:2 |    2853 |       0 |   0.0 |       9 |       0 |   0.0
      Sewer |       0 |      53 | 100.0 |       0 |      14 | 100.0
            +---------+---------+-------+---------+---------+-------
